Map: Caverne nascoste

Players

nagual

  • Race: Protoss Protoss

Stuebler

  • Race: Terran Terran

Aschebescher

  • Race: Terran Terran

jimbo

  • Race: Terran Terran

jArO

  • Race: Zerg Zerg

Jhyrachy

  • Race: Zerg Zerg
  • League: Gold

Utopie

  • Race: Terran Terran
  • League: Silver

ANSGAR

  • Race: Zerg Zerg

VOD

Have the link to the VOD?

Description

Time

  • Played on: April 24, 2016, 7:03 a.m.
  • Length: 16:21
Show
View Real Time Build Order
Export as new Build Order

nagual Protoss 

Build Orders:  

Get SALT Encoding   

  12  0:02  Probe (Chrono Boost)  
  13  0:13  Probe (Chrono Boost)  
  14  0:23  Probe (Chrono Boost)  
  15  0:29  Pylon  
  15  0:40  Assimilator  
  15  0:43  Assimilator  
  15  0:47  Pylon  
  16  0:50  Probe (Chrono Boost)  
  16  1:25  Nexus  
  16  1:32  Assimilator  
  16  1:36  Pylon  
  16  1:41  Assimilator  
  16  1:42  Probe (Chrono Boost)  
  17  1:53  Probe (Chrono Boost)  
  18  2:03  Probe (Chrono Boost)  
  19  2:14  Probe (Chrono Boost)  
  20  2:15  Gateway  
  20  2:17  Gateway  
  18  2:59  Probe x2 (Chrono Boost)  
  20  3:09  Probe (Chrono Boost)  
  20  3:10  Probe (Chrono Boost)  
  22  3:20  Probe x2 (Chrono Boost)  
  24  3:31  Probe (Chrono Boost)  
  26  3:41  Probe (Chrono Boost)  
  26  3:48  Pylon  
  26  3:49  Cybernetics Core  
  26  3:50  Pylon  
  26  3:52  Probe (Chrono Boost)  
  26  3:55  Pylon  
  27  4:02  Probe (Chrono Boost)  
  27  4:13  Probe (Chrono Boost)  
  28  4:25  Forge, Pylon  
  28  4:26  Pylon  
  28  4:28  Pylon  
  28  4:30  Probe (Chrono Boost)  
  29  4:35  Protoss Air Weapons Level 1  
  29  4:41  Probe (Chrono Boost)  
  30  4:55  Probe (Chrono Boost)  
  31  5:06  Probe (Chrono Boost)  
  32  5:09  Photon Cannon x2  
  32  5:14  Photon Cannon  
  32  5:16  Probe (Chrono Boost)  
  33  5:22  Protoss Shields Level 1 (Chrono Boost)  
  33  5:24  Probe (Chrono Boost)  
  33  5:27  Probe (Chrono Boost)  
  35  5:34  Probe (Chrono Boost)  
  36  5:37  Probe (Chrono Boost)  
  37  5:45  Stargate  
  37  5:48  Probe (Chrono Boost)  
  37  5:49  Stargate  
  38  5:56  Pylon  
  38  5:58  Probe (Chrono Boost)  
  39  6:09  Probe (Chrono Boost), Pylon  
  40  6:14  Pylon  
  40  6:19  Probe  
  41  6:27  Protoss Air Armor Level 1  
  41  6:31  Stargate  
  41  6:32  Probe  
  42  6:40  Phoenix (Chrono Boost)  
  42  6:41  Phoenix (Chrono Boost)  
  42  6:44  Probe  
  47  6:47  Mothership Core  
  49  6:58  Photon Cannon  
  48  7:01  Photon Cannon  
  48  7:03  Phoenix (Chrono Boost), Photon Cannon  
  43  7:41  Probe x2, Pylon  
  45  7:44  Pylon  
  45  7:53  Probe x2  
  47  8:04  Fleet Beacon  
  47  8:05  Probe  
  48  8:07  Pylon  
  48  8:08  Protoss Ground Weapons Level 1, Pylon  
  48  8:14  Probe  
  49  8:52  Carrier (Chrono Boost)  
  49  8:53  Graviton Catapult, Carrier (Chrono Boost)  
  62  9:04  Carrier (Chrono Boost)  
  62  9:22  Photon Cannon  
  56  9:24  Photon Cannon  
  56  9:30  Photon Cannon  
  56  9:34  Photon Cannon  
  56  10:03  Nexus  
  56  10:39  Assimilator  
  56  10:40  Assimilator  
  56  10:43  Pylon  
  56  10:45  Pylon  
  56  10:57  Pylon  
  56  11:21  Pylon  
  56  11:31  Protoss Air Weapons Level 2 (Chrono Boost)  
  62  11:38  Carrier (Chrono Boost)  
  62  11:53  Probe  
  63  12:03  Probe  
  64  12:11  Photon Cannon  
  64  12:12  Photon Cannon  
  64  12:14  Probe, Pylon  
  64  12:16  Pylon  
  64  12:19  Photon Cannon  
  65  12:24  Probe  
  66  12:33  Pylon  
  66  12:35  Probe  
  67  12:57  Nexus  
  67  12:59  Protoss Ground Armor Level 1  
  67  13:08  Photon Cannon  
  67  13:14  Photon Cannon  
  72  13:53  Probe  
  73  14:05  Probe  
  73  14:09  Carrier (Chrono Boost)  
  80  14:10  Carrier (Chrono Boost)  
  86  14:17  Probe  
  87  14:29  Probe  
  88  14:41  Probe  
  95  14:55  Carrier (Chrono Boost)  
  95  15:03  Pylon  
  95  15:06  Pylon  
  102  15:42  Photon Cannon  
  101  15:46  Photon Cannon  
  100  15:50  Photon Cannon  
Show
View Real Time Build Order
Export as new Build Order

Stuebler Terran 

Build Orders: Liberator Opening 

Get SALT Encoding   

  12  0:02  SCV  
  14  0:14  SCV  
  14  0:26  SCV  
  15  0:32  Supply Depot  
  15  0:43  Refinery  
  15  0:44  Refinery  
  15  0:56  Barracks  
  15  0:58  SCV  
  16  1:11  SCV  
  17  1:23  SCV  
  18  1:35  SCV  
  19  1:44  Supply Depot  
  19  1:47  SCV, Factory  
  20  1:59  SCV  
  21  2:08  Supply Depot  
  21  2:11  SCV  
  22  2:23  SCV  
  23  2:34  Starport  
  23  2:39  Supply Depot x2  
  23  3:01  Hellion  
  25  3:11  Barracks  
  25  3:13  Starport Reactor  
  27  3:32  Liberator  
  27  3:33  Liberator  
  31  3:58  Engineering Bay  
  31  4:15  Liberator x2  
  31  4:24  Supply Depot  
  31  4:25  Command Center  
  37  4:42  Supply Depot  
  37  4:44  Supply Depot  
  37  5:07  SCV  
  38  5:19  SCV  
  39  5:31  SCV  
  39  5:33  Liberator x2  
  40  5:43  SCV  
  40  5:46  SCV  
  42  5:55  SCV  
  47  5:58  SCV  
  48  6:10  SCV  
  49  6:22  SCV  
  49  6:23  Liberator x2  
  47  6:35  SCV  
  54  7:01  SCV  
  54  7:05  Refinery x2, Liberator  
  54  7:06  Liberator  
  55  7:13  SCV  
  56  7:25  SCV  
  63  7:38  SCV  
  64  7:48  Liberator  
  64  7:49  Command Center  
  64  7:50  SCV  
  65  7:51  Refinery  
  65  7:52  Refinery  
  65  7:54  Supply Depot x2  
  65  7:56  Supply Depot  
  65  7:58  Liberator  
  65  8:02  SCV  
  69  8:14  SCV  
  69  8:16  Supply Depot  
  69  8:17  Supply Depot  
  73  8:31  Liberator  
  64  9:01  Supply Depot  
  55  9:03  Supply Depot  
  55  9:09  Starport  
  55  9:14  Starport  
  55  9:19  Liberator x2  
  55  9:20  SCV  
  56  9:32  SCV, Supply Depot  
  63  9:44  SCV  
  64  9:46  Armory  
  64  9:56  SCV, Supply Depot  
  65  10:00  Starport Tech Lab  
  65  10:02  Liberator x2  
  65  10:08  SCV  
  65  10:12  Starport Reactor  
  66  10:20  SCV  
  73  10:32  SCV  
  74  10:36  Terran Vehicle And Ship Armor Level 1  
  74  10:44  SCV  
  74  10:45  Liberator x3  
  74  10:46  Liberator x2  
  75  11:02  Fusion Core  
  90  11:28  Liberator x3  
  84  12:06  Liberator x2  
  78  12:10  Liberator  
  78  12:11  Liberator x2  
  78  12:21  Advanced Ballistics  
  87  12:31  Terran Ship Weapons Level 1  
  87  12:48  Liberator  
  87  12:49  Liberator  
  87  12:53  Liberator  
  87  12:54  Liberator x2  
  102  13:31  Liberator  
  102  13:32  Liberator  
  108  14:06  Command Center  
  108  14:07  Refinery  
  108  14:10  Refinery  
  108  14:31  Raven  
  110  14:40  Liberator  
  110  14:41  Liberator x3  
  116  15:14  Raven  
Show
View Real Time Build Order
Export as new Build Order

Aschebescher Terran 

Build Orders: Reaper Expand, MMM Bio 

Get SALT Encoding   

  12  0:17  SCV  
  13  0:23  Supply Depot  
  13  0:29  SCV  
  14  0:42  SCV  
  15  0:45  Refinery  
  15  0:54  SCV  
  16  1:08  Barracks  
  16  1:12  SCV  
  16  1:18  Barracks  
  17  1:24  SCV  
  18  1:26  Refinery  
  18  1:37  SCV  
  19  1:55  Supply Depot  
  19  2:19  Reaper x2  
  19  2:21  Command Center, SCV  
  22  2:35  Barracks  
  22  2:51  Barracks  
  22  3:02  Reaper x2  
  24  3:07  Orbital Command  
  24  3:22  Engineering Bay  
  24  3:29  Reaper  
  24  3:34  Reaper  
  26  3:38  SCV  
  27  3:42  Reaper  
  27  3:44  Reaper  
  29  3:50  SCV  
  29  3:54  Missile Turret  
  30  4:05  Factory  
  30  4:09  Supply Depot  
  30  4:26  Barracks Reactor x3, Barracks Tech Lab  
  30  4:28  SCV  
  31  4:40  SCV  
  32  4:52  SCV  
  33  5:04  SCV  
  33  5:17  Marine x6  
  33  5:18  SCV  
  40  5:31  SCV  
  36  5:41  Missile Turret  
  34  5:43  SCV  
  34  5:45  Missile Turret  
  35  5:52  Missile Turret  
  35  5:54  Missile Turret  
  35  5:55  Orbital Command, SCV  
  36  6:06  Stimpack  
  36  6:07  SCV  
  36  6:10  Factory Tech Lab  
  37  6:13  Starport  
  37  6:22  Refinery  
  37  6:23  SCV  
  38  6:25  Refinery  
  38  6:29  Marine x5  
  43  6:36  SCV  
  44  6:45  Marine x2  
  44  6:47  Marine x4  
  45  6:48  SCV  
  50  6:57  Marine  
  51  7:02  Marine x2  
  53  7:09  Supply Depot  
  53  7:12  SCV  
  54  7:16  Missile Turret  
  54  7:21  Starport Reactor  
  54  7:26  Terran Infantry Weapons Level 1  
  54  7:29  Engineering Bay  
  54  7:30  Widow Mine  
  54  7:31  SCV  
  54  7:32  Supply Depot  
  54  7:35  Armory  
  57  7:40  Supply Depot  
  57  7:43  SCV  
  58  7:55  Terran Infantry Armor Level 1, SCV  
  58  7:56  Supply Depot  
  59  7:59  Siege Tank  
  59  8:03  Supply Depot  
  62  8:06  SCV, Combat Shields  
  62  8:07  SCV  
  64  8:15  Medivac x2  
  64  8:18  SCV  
  64  8:19  SCV  
  70  8:28  Supply Depot  
  70  8:30  SCV  
  70  8:31  SCV  
  70  8:32  Marine x4  
  76  8:37  Siege Tank  
  79  8:43  SCV  
  79  8:45  Medivac x2  
  84  8:51  Marine x2  
  86  8:59  Terran Vehicle And Ship Armor Level 1  
  86  9:09  Siege Tank  
  89  9:15  Medivac x2  
  89  9:16  Missile Turret  
  93  9:19  Marine  
  93  9:20  Marine x6  
  100  9:37  Marine x2, Supply Depot  
  102  9:38  Terran Infantry Weapons Level 2  
  102  9:58  Siege Tank, Marine, Medivac  
  108  10:01  Supply Depot  
  108  10:14  Marine x2  
  110  10:22  Terran Infantry Armor Level 2, Marine  
  110  10:23  Marine x4  
  115  10:32  Marine x2  
  117  10:40  Marine  
  118  11:22  Marine x7  
  90  11:50  Marine x7  
  97  11:54  Medivac x2  
  97  12:01  Supply Depot  
  101  12:08  Marine x7  
  102  12:10  Command Center  
  108  12:23  Supply Depot  
  108  12:24  Medivac x2  
  108  12:26  Marine x7  
  119  12:43  Marine  
  119  12:44  Marine x5  
  120  12:45  Supply Depot  
  120  12:48  Command Center  
  125  12:54  Medivac  
  127  13:22  Medivac  
  127  13:24  Marine, Medivac  
  127  13:25  Marine x3  
  127  13:27  Terran Infantry Weapons Level 3  
  135  13:37  Terran Infantry Armor Level 3  
  135  13:46  Refinery  
  135  13:50  Missile Turret  
  135  13:57  Planetary Fortress  
  135  14:00  Missile Turret  
  135  14:03  Missile Turret  
  135  14:08  Planetary Fortress  
  135  14:20  Refinery  
  135  14:24  Missile Turret, Terran Vehicle Weapons Level 1  
  135  14:26  Marine x7  
  142  14:43  Marine  
  142  14:44  Marine  
  143  14:47  Missile Turret  
  143  15:08  Missile Turret  
  126  15:58  Marine  
  126  15:59  Marine x6  
Show
View Real Time Build Order
Export as new Build Order

jimbo Terran 

Build Orders:  

Get SALT Encoding   

  12  0:02  SCV  
  14  0:14  SCV  
  14  0:28  Supply Depot  
  14  0:43  Supply Depot  
  14  0:53  Supply Depot  
  14  0:57  Barracks  
  14  1:12  Barracks  
  14  1:24  Barracks  
  14  1:41  Barracks  
  14  1:47  Marine  
  15  2:05  Marine x2  
  17  2:14  Marine  
  18  2:23  Marine x2  
  20  2:31  Marine  
  20  2:32  Marine  
  22  2:41  Marine x2  
  24  2:48  Marine  
  23  3:14  Marine x4  
  27  3:31  Marine  
  28  3:37  Command Center  
  28  3:42  Marine x3  
  31  3:49  Marine  
  32  4:36  Orbital Command  
  32  4:37  Marine x4  
  36  4:55  Marine x2  
  20  6:23  SCV  
  21  6:26  Marine x4  
  25  6:35  SCV  
  26  6:43  Marine  
  26  6:44  Marine x3  
  30  6:47  SCV  
  28  6:59  SCV  
  29  7:01  Marine x2  
  29  7:02  Engineering Bay  
  31  7:11  SCV  
  32  7:19  Marine x3  
  32  7:20  Marine  
  36  7:23  SCV  
  37  7:35  SCV  
  38  7:37  Marine  
  39  7:47  Missile Turret  
  39  7:48  SCV  
  40  7:57  Missile Turret  
  40  8:00  SCV  
  41  8:06  Refinery  
  41  8:07  Missile Turret  
  41  8:09  Refinery  
  41  8:12  SCV  
  42  8:13  Refinery  
  42  8:16  Refinery, SCV  
  42  8:18  Missile Turret  
  43  8:24  SCV  
  44  8:27  Missile Turret  
  44  8:28  SCV  
  45  8:36  SCV  
  45  8:38  Marine  
  45  8:39  Marine x3  
  45  8:40  Missile Turret  
  45  8:41  SCV  
  51  8:47  Missile Turret  
  51  8:48  SCV  
  52  8:53  SCV  
  53  8:56  Marine  
  54  9:03  Missile Turret  
  54  9:10  Missile Turret  
  54  9:46  Supply Depot  
  54  9:47  Supply Depot  
  54  9:48  Supply Depot  
  54  9:49  Supply Depot  
  54  9:55  Orbital Command  
  54  10:07  Marine x2  
  54  10:10  Supply Depot  
  56  10:18  Factory  
  56  11:03  Factory Tech Lab, Factory  
  56  11:37  Siege Tank  
  56  11:39  Barracks Tech Lab  
  59  11:51  Factory Tech Lab  
  59  11:59  Starport  
  59  12:01  Supply Depot  
  59  12:02  Combat Shields  
  59  12:06  Marine x2  
  59  12:07  Marine x2  
  63  12:09  Siege Tank, Terran Infantry Weapons Level 1  
  66  12:16  Siege Tank  
  69  12:24  Marine x3, Supply Depot  
  69  12:25  Marine  
  73  12:36  Starport  
  73  12:41  Siege Tank  
  76  12:48  Siege Tank, Supply Depot  
  76  12:51  Marine x4  
  83  12:59  Medivac  
  83  13:04  Command Center  
  85  13:09  Marine x4  
  85  13:11  Supply Depot  
  89  13:13  Siege Tank  
  90  13:26  Marine  
  90  13:27  Marine x2  
  91  13:29  Medivac  
  91  13:33  Marine  
  96  13:37  Medivac  
  98  13:44  Marine  
  99  13:59  Medivac  
  101  14:03  Terran Infantry Armor Level 1  
  101  14:07  Medivac  
  103  14:29  Medivac  
  105  14:37  Medivac  
Show
View Real Time Build Order
Export as new Build Order

jArO Zerg 

Build Orders: Pool First, Lurkers 

Get SALT Encoding   

  12  0:39  Spawning Pool, Drone  
  12  0:40  Drone x2  
  14  0:43  Extractor  
  13  1:05  Extractor, Overlord  
  13  1:06  Drone  
  13  1:21  Drone  
  14  1:27  Drone  
  15  1:35  Drone  
  15  1:36  Queen  
  18  1:42  Spine Crawler  
  18  1:46  Drone  
  18  2:02  Drone  
  19  2:17  Zergling x4  
  21  2:24  Spore Crawler  
  20  2:49  Drone x2  
  22  2:55  Hatchery, Overlord  
  19  3:19  Drone  
  21  3:20  Drone x2  
  22  4:06  Drone x5  
  27  4:10  Queen  
  29  4:18  Baneling Nest  
  29  4:23  Overlord  
  28  4:28  Overlord  
  28  4:33  Overlord x2  
  28  4:49  Zergling x6  
  31  4:59  Spine Crawler  
  30  5:02  Spine Crawler  
  30  5:05  Lair  
  29  5:10  Baneling x3  
  29  5:11  Baneling x3  
  27  5:30  Zergling x8  
  31  5:49  Baneling x2  
  31  5:50  Baneling x6  
  31  6:01  Spine Crawler  
  28  6:06  Centrifical Hooks  
  28  6:23  Drone x2  
  28  6:25  Drone x3, Overlord  
  31  6:28  Drone  
  34  7:02  Hatchery  
  34  7:04  Zergling x10  
  34  7:05  Zergling x2  
  39  7:26  Baneling x2  
  39  7:27  Baneling x8  
  39  7:28  Baneling x2  
  39  7:33  Metabolic Boost  
  39  7:45  Spore Crawler  
  38  7:58  Spore Crawler  
  37  8:08  Overlord, Zergling x6  
  37  8:09  Zergling x6  
  43  8:26  Queen  
  46  8:27  Drone x2  
  40  9:31  Evolution Chamber  
  39  9:37  Hydralisk Den  
  38  9:44  Evolution Chamber  
  37  10:07  Drone x3  
  37  10:13  Lurker Den  
  40  10:16  Zerg Missile Weapons Level 1  
  40  10:21  Hydralisk x6  
  40  10:22  Hydralisk x2  
  40  10:23  Overlord  
  56  10:29  Zerg Ground Armor Level 1  
  56  10:51  Zergling x10  
  61  10:57  Baneling x4  
  61  10:58  Baneling x7  
  61  10:59  Baneling  
  35  11:50  Baneling x4  
  35  11:51  Baneling x6  
  35  11:55  Hydralisk x4  
  35  11:56  Hydralisk x2  
  47  12:02  Spore Crawler  
  41  12:29  Lurker x4  
  47  12:30  Lurker x2  
  47  12:31  Zerg Missile Weapons Level 2  
  47  13:14  Drone x8  
  47  13:18  Extractor  
  54  13:22  Extractor  
  54  13:24  Spore Crawler  
  51  13:36  Drone x2  
  53  13:56  Drone x4  
  57  14:17  Hydralisk x3  
  57  14:21  Hydralisk  
  65  14:53  Hydralisk  
  65  14:54  Overlord x3  
  47  15:41  Lurker  
  42  15:43  Hydralisk x6  
  47  16:17  Lurker x2  
  47  16:18  Lurker x2  
Show
View Real Time Build Order
Export as new Build Order

Jhyrachy Zerg 

Build Orders: Hatch First 

Get SALT Encoding   

  12  0:02  Drone  
  13  0:09  Drone  
  14  0:20  Overlord  
  14  0:38  Drone  
  14  0:39  Drone x2  
  17  0:58  Drone  
  17  0:59  Hatchery  
  17  1:05  Drone  
  17  1:07  Extractor  
  17  1:18  Spawning Pool  
  17  1:20  Drone  
  17  1:25  Drone  
  18  1:33  Drone  
  19  1:45  Overlord  
  19  2:02  Drone  
  19  2:05  Queen  
  19  2:07  Drone  
  23  2:11  Queen  
  23  2:13  Drone  
  26  2:17  Drone  
  27  2:23  Drone  
  28  2:30  Drone  
  28  2:33  Drone  
  30  2:38  Drone  
  31  2:46  Lair  
  31  2:47  Drone  
  32  2:52  Extractor  
  32  2:54  Extractor  
  32  2:57  Extractor  
  29  2:59  Drone  
  29  3:04  Drone  
  31  3:10  Drone x3  
  34  3:38  Drone x2  
  36  3:43  Overlord x2  
  36  3:49  Spire  
  35  4:00  Drone, Overlord  
  36  4:11  Drone x4  
  36  4:12  Overlord  
  40  4:22  Drone x3  
  40  4:23  Drone x2  
  45  4:49  Overlord x2  
  34  5:04  Mutalisk x7  
  39  5:10  Mutalisk  
  39  5:11  Mutalisk x2  
  40  5:22  Queen  
  40  5:28  Queen  
  32  6:20  Drone  
  32  6:22  Drone  
  30  7:55  Drone  
  30  7:56  Drone x12  
  43  8:33  Drone x2  
  46  8:34  Drone x3  
  46  8:36  Drone x3  
  43  9:28  Drone x3  
  43  9:30  Drone x3  
  43  9:31  Drone x3  
  52  9:35  Zerg Flyer Armor Level 1  
  52  9:42  Queen  
  54  9:51  Hatchery  
  53  10:01  Corruptor x7  
  67  10:34  Infestation Pit  
  19  11:37  Hive  
  19  11:41  Evolution Chamber  
  19  11:45  Evolution Chamber  
  17  12:13  Zerg Ground Armor Level 1, Zerg Melee Weapons Level 1  
  17  12:29  Spore Crawler x2  
  15  12:33  Drone x2  
  15  12:34  Drone x3  
  19  13:05  Queen  
  21  13:06  Metabolic Boost  
  21  13:40  Queen  
  38  14:23  Burrow  
  38  14:25  Adrenal Glands  
Show
View Real Time Build Order
Export as new Build Order

Utopie Terran 

Build Orders:  

Get SALT Encoding   

  12  0:01  SCV  
  13  0:13  SCV  
  14  0:21  Supply Depot  
  14  0:25  SCV  
  16  0:42  Refinery, SCV  
  16  0:48  Barracks  
  16  0:55  SCV  
  17  1:07  SCV  
  17  1:11  Refinery  
  18  1:20  SCV  
  19  1:40  Orbital Command  
  19  1:41  Marine  
  19  1:45  Barracks  
  20  1:47  Factory  
  20  2:02  Engineering Bay  
  20  2:06  SCV  
  21  2:09  Marine  
  22  2:21  SCV  
  23  2:30  Terran Infantry Armor Level 1  
  23  2:32  Factory Tech Lab  
  23  2:36  Starport  
  23  2:44  Supply Depot  
  23  3:05  Siege Tank, Marine, SCV  
  28  3:20  Medivac  
  28  3:23  SCV  
  28  3:24  Supply Depot  
  31  3:46  Marine  
  32  3:50  Siege Tank  
  35  4:11  Orbital Command  
  35  4:55  Barracks Reactor  
  35  4:59  Hellion  
  37  5:02  Starport Reactor  
  37  5:04  SCV  
  38  5:20  Command Center  
  38  5:30  Bunker  
  38  5:45  Marine  
  39  6:06  Missile Turret  
  39  6:16  Supply Depot  
  39  6:17  Siege Tank  
  39  6:18  Marine, Supply Depot  
  39  6:32  SCV, Medivac  
  42  6:34  Terran Infantry Weapons Level 1  
  42  6:35  Orbital Command  
  42  6:37  Barracks  
  42  6:38  Barracks  
  42  6:39  Barracks  
  42  6:46  Missile Turret  
  42  7:05  Marine  
  42  7:06  Marine  
  42  7:08  Siege Tank, Viking  
  47  7:11  SCV  
  50  7:23  Marine  
  50  7:27  Barracks Reactor x2  
  50  7:28  Barracks Reactor  
  50  7:29  SCV  
  52  7:44  Orbital Command  
  52  7:48  Marine x2  
  54  8:12  Missile Turret  
  54  8:13  Missile Turret  
  54  8:16  Missile Turret  
  33  8:59  Missile Turret  
  33  9:02  Marine x5  
  34  9:03  Marine x3  
  41  9:12  SCV  
  41  9:13  SCV  
  43  9:19  Missile Turret  
  43  9:20  Marine x4  
  47  9:29  Marine  
  47  9:30  Marine x3  
  51  9:38  Marine x2  
  53  10:05  Marine  
  53  10:06  Marine x7  
  61  10:08  Siege Tank  
  61  10:09  Viking  
  66  10:23  Marine  
  66  10:24  Marine x3  
  70  11:10  Supply Depot  
  70  11:18  Hi-Sec Auto Tracking  
  70  11:31  Marine x8  
  76  11:40  Siege Tank  
  76  11:46  Viking  
  77  11:47  SCV  
  77  11:52  Marine  
  78  11:54  Marine x3  
  78  11:56  Marine, SCV  
  78  11:57  Marine x2  
  78  11:58  Marine  
  78  12:00  SCV  
  53  12:10  Marine  
  53  12:12  Marine x3  
  53  12:14  Marine  
  53  12:15  Marine x3  
  47  12:27  Marine  
  48  12:30  Marine x2  
  50  12:43  Missile Turret x2  
  50  12:47  Missile Turret  
  50  12:48  Marine x2  
  50  12:49  Marine  
  50  12:50  Missile Turret  
  50  12:51  Missile Turret  
  53  12:53  Missile Turret  
  53  12:59  Missile Turret  
  50  13:14  Marine x7  
  57  13:20  Refinery  
  57  13:35  Missile Turret  
  56  13:53  Missile Turret  
  54  14:03  Marine  
  54  14:04  Marine x7  
  54  14:07  Hellion  
  54  14:08  SCV x2  
  66  14:14  Refinery  
  66  14:20  SCV x2  
  66  14:21  Marine  
  66  14:22  Marine x7  
  61  14:39  Marine  
  61  14:40  Marine x2  
  47  14:46  Marine x5  
  52  14:57  Marine x3  
  55  15:03  Marine  
  55  15:04  Siege Tank, Marine x4  
  55  15:05  Viking  
  128  15:07  Viking  
  67  15:15  Marine x3  
  70  15:21  Marine  
  70  15:22  Marine  
  72  15:33  Marine  
  72  15:34  Marine x5  
  78  15:42  Marine x2  
  61  15:51  Marine  
  61  15:52  Marine  
Show
View Real Time Build Order
Export as new Build Order

ANSGAR Zerg 

Build Orders: Pool First 

Get SALT Encoding   

  12  0:03  Drone  
  13  0:27  Spawning Pool  
  12  0:29  Drone  
  12  0:32  Drone  
  14  0:40  Overlord  
  14  1:14  Zergling x6  
  17  1:27  Drone  
  17  1:30  Queen  
  20  1:34  Extractor  
  20  1:35  Hatchery  
  18  1:40  Drone  
  18  1:42  Extractor  
  18  1:49  Zergling x2  
  19  2:00  Drone  
  20  2:28  Drone  
  20  2:29  Drone  
  22  2:34  Overlord  
  19  3:06  Lair  
  19  3:07  Drone x2  
  19  3:08  Drone x3  
  19  3:12  Queen  
  26  3:13  Drone x2  
  26  3:14  Drone  
  29  3:22  Drone  
  29  3:23  Drone  
  31  3:30  Extractor  
  30  3:34  Drone  
  30  3:39  Drone x3  
  34  3:49  Drone  
  34  3:50  Drone  
  34  3:53  Extractor  
  35  4:06  Spire  
  34  4:11  Drone x2  
  36  4:23  Overseer  
  36  4:32  Overlord  
  36  4:33  Overlord  
  36  4:59  Zergling x4, Baneling Nest  
  38  5:00  Zergling x6  
  38  5:06  Spine Crawler  
  39  5:08  Spine Crawler  
  37  5:33  Mutalisk x3  
  37  5:34  Mutalisk x2  
  46  5:43  Baneling x4  
  46  5:44  Baneling x5  
  46  5:54  Overlord  
  44  6:22  Hatchery  
  43  6:30  Zerg Flyer Weapons Level 1  
  43  6:52  Mutalisk x4  
  53  7:13  Mutalisk  
  53  7:17  Overlord  
  53  7:36  Corruptor x3  
  59  7:44  Drone  
  60  8:04  Corruptor x2  
  64  8:16  Overlord x2  
  64  8:30  Zerg Flyer Armor Level 1  
  64  8:37  Spore Crawler  
  64  8:40  Corruptor  
  48  9:10  Drone x2  
  48  9:12  Drone x2  
  48  9:13  Drone  
  52  9:29  Mutalisk x3  
  52  9:30  Mutalisk x2  
  62  9:45  Drone x4  
  66  10:13  Overlord  
  66  10:21  Mutalisk x4  
  66  10:24  Zerg Flyer Weapons Level 2  
  74  10:41  Mutalisk x2  
  78  10:44  Mutalisk  
  80  11:11  Baneling  
  59  11:34  Mutalisk  
  59  11:35  Mutalisk x4  
  69  11:42  Spine Crawler  
  69  11:44  Spine Crawler  
  69  11:47  Drone, Spine Crawler  
  66  11:48  Drone x6, Spine Crawler  
  72  12:03  Infestation Pit  
  71  12:20  Mutalisk  
  71  12:21  Mutalisk x3  
  79  12:25  Zergling x6  
  79  12:29  Baneling  
  82  12:34  Zergling x4  
  83  12:46  Zerg Flyer Armor Level 2  
  83  12:49  Baneling x4  
  83  12:59  Baneling  
  83  13:00  Baneling x3  
  83  13:36  Overlord x2  
  83  13:42  Spine Crawler  
  82  13:48  Spore Crawler  
  82  13:49  Drone  
  82  13:53  Corruptor  
  82  13:54  Corruptor  
  86  13:56  Corruptor x4  
  94  14:24  Spore Crawler  
  93  14:37  Mutalisk  
  93  14:38  Mutalisk x2  
  97  14:43  Hive  
  99  14:46  Overlord  
  99  14:47  Spore Crawler  
  67  16:00  Zergling x14  
  67  16:01  Zergling x6  
  77  16:12  Spine Crawler  
  77  16:13  Spine Crawler  
  77  16:14  Spine Crawler  
Tags
 
Add a new tag
Caveats
  • Supply blocks, unpowered buildings, or Contaminate may cause inaccurate times.
  • Supply counts are checked every 10 seconds.